FeriG vs Devm

Match 37013182
End
Construct Barracks
Selects Airborne Battlegroup
Selects Heavy Machine Gun Paradrop
Heavy Machine Gun Paradrop
Riflemen Squad
Riflemen Squad
Riflemen Squad
Infantry Support Center
Selects Paratrooper Squad Paradrop
Construct Motor Pool
M8 Greyhound Armored Car
Selects Recon Loiter
Selects Supply Drop
Engineer Squad
Recon Loiter
Construct Medical Station
Recon Loiter
M1 Anti-tank Gun Team
Recon Loiter
Construct Tank Depot
Recon Loiter
M4A1 Sherman Medium Tank
Paratrooper Squad Paradrop
Recon Loiter
Paratrooper Squad Paradrop
M18 Hellcat Tank Destroyer
Selects Dual P-47 Rocket Strike
M18 Hellcat Tank Destroyer
Dual P-47 Rocket Strike
M18 Hellcat Tank Destroyer
Recon Loiter
M18 Hellcat Tank Destroyer
Recon Loiter
Dual P-47 Rocket Strike
M18 Hellcat Tank Destroyer
Dual P-47 Rocket Strike
M18 Hellcat Tank Destroyer
Recon Loiter
M18 Hellcat Tank Destroyer
Dual P-47 Rocket Strike
Miguel
FeriG
0
0

Comments sign in to comment!

No comments posted yet!